 Dungeon Crawl Stone Soup version 0.28-a0-1344-g6b9ff3a05d (webtiles) character file.

Game seed: 7915953928580825867

211 Deminshera the Skirmisher (level 5, 0/47 HPs)
             Began as a Hill Orc Abyssal Knight on Dec 29, 2021.
             Was a Priest of Lugonu.
             Slain by a goblin (1 damage)
             ... led by Robin
             ... on level 3 of the Dungeon.
             The game lasted 00:02:58 (3932 turns).

Deminshera the Skirmisher (Hill Orc Abyssal Knight) Turns: 3932, Time: 00:02:59

Health: 0/47       AC:  5    Str: 15 (18) XL:     5   Next: 88%
Magic:  8/8        EV: 10    Int:  9 (10) God:    Lugonu [***...]
Gold:   65         SH:  0    Dex:  9 (11) Spells: 4/4 levels left

rFire   . . .      SeeInvis .   b - +7 great mace "Undeadhunter" {disrupt, rN+}
rCold   . . .      Faith    +   (shield currently unavailable)
rNeg    + . .      Spirit   .   h - +0 ring mail
rPois   .          Reflect  .   (no helmet)
rElec   .          Harm     .   (no cloak)
rCorr   .          Rampage  .   (no gloves)
Will    .....                   (no boots)
Stlth   ..........              m - amulet of faith
HPRegen 0.15/turn               (no ring)
MPRegen 0.11/turn               (no ring)

@: lethally poisoned (0 -> -4), attractive
A: no striking features
a: Renounce Religion, Depart the Abyss, Bend Space, Banish


You were on level 3 of the Dungeon.
You worshipped Lugonu.
Lugonu was most pleased with you.
You visited 1 branch of the dungeon, and saw 3 of its levels.
You visited the Abyss 1 time.

You collected 65 gold pieces.

Inventory:

Hand Weapons
 a - a +1 hand axe
 b - the +7 great mace "Undeadhunter" (weapon) {disrupt, rN+}
   (You found it on level 2 of the Dungeon)

   It inflicts significantly more damage against the undead.
   rN:        It protects you from negative energy.
Armour
 h - a +0 ring mail (worn)
Jewellery
 k - a ring of fire
 m - an amulet of faith (around neck)
Scrolls
 e - 2 scrolls of amnesia
 i - a scroll of fear
 j - a scroll of noise
 l - a scroll of vulnerability
 n - a scroll of enchant weapon {unknown}
Potions
 f - 3 potions of flight
 g - a potion of brilliance {unknown}


   Skills:
 + Level 4.9 Fighting
 - Level 4.0(4.8) Axes
 * Level 3.2(4.0) Maces & Flails
 - Level 2.1 Armour
 - Level 0.7 Dodging
 + Level 4.3 Invocations


You had 4 spell levels left.
You didn't know any spells.
Your spell library contained the following spells:

 Spells                   Type           Power      Damage    Failure   Level
 Sting                    Tmut/Pois      0%         1d3       61%         1
 Poisonous Vapours        Pois/Air       0%         N/A       75%         2
 Summon Guardian Golem    Hex/Summ       0%         N/A       93%         3
 Olgreb's Toxic Radiance  Pois           0%         N/A       100%        4
 Orb of Destruction       Conj           0%         N/A       100%        7
 Spellforged Servitor     Conj/Summ      0%         N/A       100%        7


Dungeon Overview and Level Annotations

Branches:
Dungeon (3/15)

Altars:


Message History

You feel very sick.
The goblin hits you with a +2 dagger of venom.
Robin hits you with a +0 spear.
The goblin hits you with a +2 dagger of venom.
You thump Robin!
You kill Robin!
Lugonu accepts your kill.
You feel sick.
The goblin hits you with a +2 dagger of venom.
You are more poisoned.
The goblin hits you but does no damage.
You barely miss the goblin.
You feel very sick.
The goblin no longer looks unusually strong.
The goblin closely misses you. The goblin hits you but does no damage.
The goblin misses you.
You thump the goblin!
You kill the goblin!
Lugonu accepts your kill.
You feel very sick.
The goblin hits you with a +2 dagger of venom.
* * * LOW HITPOINT WARNING * * *
You bludgeon the goblin!!
You kill the goblin!
Lugonu accepts your kill.
* * * LOW HITPOINT WARNING * * *
You feel very sick. The goblin barely misses you.
The goblin hits you with a +0 club.
* * * LOW HITPOINT WARNING * * *
It was a potion of attraction.
You feel attractive to monsters.
* * * LOW HITPOINT WARNING * * *
You feel sick. The goblin hits you with a +0 club.
* * * LOW HITPOINT WARNING * * *
It was a potion of degeneration.
There was something very wrong with that liquid.
You feel weakened.
You feel dopey.
You feel clumsy.
* * * LOW HITPOINT WARNING * * *
You feel sick. The goblin hits you with a +0 club.
You die...

....#.##########.##....#
##.# ##..#.#..........#
#.. #..
................# #..
#...........#.## #..
.............# g #.#
#..........#### .g #.#
.........))# ... #.#
.........#)# .gg. #.#
.#######.#@# .g... #.#
#.#g##....l. #.#
#.#.....g... #.#
#...##...#.# #.#
.....#.# ..# #.#
####.#.. ... #.### ###
#.#


You could see a goblin (strong).

Vanquished Creatures
  A phantom (D:3)
  A hound (D:3)
  Robin (D:3)
  An adder (D:3)
  2 worms (D:3)
  3 dart slugs
  An orc (D:3)
  4 ball pythons
  5 endoplasms
  2 giant cockroaches (D:2)
  12 goblins
  6 hobgoblins
  7 jackals (D:2)
  9 kobolds
  3 quokkas
  5 bats
  4 frilled lizards
  3 rats
70 creatures vanquished.

Notes
Turn   | Place    | Note
-------+----------+-------------------------------------------
     0 | Abyss:1  | Deminshera the Hill Orc Abyssal Knight began the quest for
                  | the Orb.
     0 | Abyss:1  | Reached XP level 1. HP: 19/19 MP: 2/2
    52 | Abyss:1  | Found a roughly hewn altar of Beogh.
    56 | Abyss:1  | Found a corrupted altar of Lugonu.
    69 | D:1      | Escaped the Abyss
   552 | D:1      | Found a faded altar of an unknown god.
   592 | D:1      | Reached XP level 2. HP: 22/27 MP: 4/4
  1363 | D:2      | Found the +7 great mace "Undeadhunter" {disrupt, rN+}
  1387 | D:2      | Reached XP level 3. HP: 27/33 MP: 5/5
  1388 | D:2      | Reached ** piety under Lugonu
  2702 | D:3      | Reached skill level 1 in Maces & Flails
  2707 | D:3      | Noticed a phantom
  2714 | D:3      | Killed a phantom
  2715 | D:3      | Reached XP level 4. HP: 17/41 MP: 6/6
  2715 | D:3      | Reached XP level 5. HP: 19/47 MP: 7/7
  3904 | D:3      | Noticed Robin
  3919 | D:3      | Reached *** piety under Lugonu
  3927 | D:3      | Killed Robin
  3931 | D:3      | HP: 1/47 [goblin[Robin] (2)]
  3932 | D:3      | Slain by a goblin

Illustrated notes

Levels and vault maps discovered:
D:1:      sevenhm_arrival_forest_fort_small_6, layout_basic,
          ebering_ecumenical_altar_abandoned, wad_floor_pattern_2
D:2:      minmay_skewed_foursquare, layout_loops_ring, amcnicky_mini_pool_small,
          nicolae_concentric_dashed_squares_mild, st_stairs_7,
          chequers_serial_rivers_room_a
D:3:      layout_basic, uniq_robin, uniq_natasha

Skill      XL: |  1  2  3  4  5 |
---------------+----------------+-----
Axes           | 3 4 |  4.0
Invocations    | 3 4 |  4.3
Fighting       | 4 |  4.9
Maces & Flails | 2 3 |  3.2
Armour         | |  2.1
Dodging        | |  0.7

Action                   |  1- 3 |  4- 6 || total
-------------------------+-------+-------++-------
Melee: Hand axe          |    64 |       ||    64
       Great mace        |    51 |    61 ||   112
  Use: Scroll            |       |     5 ||     5
       Potion            |       |     2 ||     2
Armor: Leather armour    |    13 |       ||    13
       Ring mail         |    47 |    46 ||    93
Dodge: Dodged            |    94 |    44 ||   138

Table legend: (Time is in decaauts)
 A = Elapsed time spent in this place.
 B = Non-inter-level travel time spent in this place.
 C = Inter-level travel time spent in this place.
 D = Time resting spent in this place.
 E = Time spent auto-exploring this place.
 F = Levels seen in this place.
 G = Mean time per level.
                   A        B        C        D        E       F      G
               +--------+--------+--------+--------+--------+-----+--------+
         Total |   4001 |   3837 |    164 |   1216 |   2126 |   4 | 1000.2 |
       Dungeon |   3932 |   3768 |    164 |   1216 |   2074 |   3 | 1310.7 |
         Abyss |     69 |     69 |      0 |      0 |     52 |   1 |   69.0 |
               +--------+--------+--------+--------+--------+-----+--------+

Top non-repeatable levels by time:
     D:2: 1356 daAuts
     D:1: 1299 daAuts
     D:3: 1276 daAuts
 Abyss:1: 69 daAuts
